 Dungeon Crawl Stone Soup version 0.26-a0-812-g31a745ddcd (webtiles) character file.

Game seed: 5595688156597112547

36 mkm the Firebug (level 3, 0/26 HPs)
             Began as a Draconian Fire Elementalist on Nov 26, 2020.
             Slain by Ijyb (1 damage)
             ... on level 1 of the Dungeon.
             The game lasted 00:08:55 (2490 turns).

mkm the Firebug (Draconian Fire Elementalist)       Turns: 2490, Time: 00:08:56

Health: 0/26       AC:  5    Str: 10    XL:     3   Next: 19%
Magic:  2/6        EV: 12    Int: 16    God:
Gold:   151        SH:  0    Dex: 11    Spells: 5/6 levels left

rFire    . . .     SeeInvis .   (no weapon)
rCold    . . .     Faith    .   (no shield)
rNeg     . . .     Spirit   .   (armour unavailable)
rPois    .         Reflect  .   (helmet restricted)
rElec    .         Harm     .   (no cloak)
rCorr    .         Rampage  .   (no gloves)
MR       .....                  (no boots)
Stlth    ++........             (no amulet)
HPRegen  0.08/turn              (no ring)
MPRegen  0.10/turn              (no ring)

@: no status effects
A: unfitting armour, cold-blooded, AC +5
a: no special abilities


You were on level 1 of the Dungeon.
You visited 1 branch of the dungeon, and saw 3 of its levels.

You collected 151 gold pieces.

Inventory:

Jewellery
 e - an uncursed ring of positive energy {unknown}
Scrolls
 b - a scroll of enchant weapon
 c - a scroll of amnesia
 d - a scroll of enchant armour {unknown}


   Skills:
 + Level 1.8 Dodging
 + Level 1.9 Stealth
 + Level 0.1 Unarmed Combat
 + Level 2.4 Spellcasting
 + Level 1.5 Conjurations
 + Level 3.6 Fire Magic


You had 5 spell levels left.
You knew the following spells:

 Your Spells              Type           Power        Failure   Level
a - Foxfire               Conj/Fire      ##..         7%          1

Your spell library contained the following spells:

 Spells                   Type           Power        Failure   Level
 Conjure Flame            Conj/Fire      ##......     21%         3
 Inner Flame              Hex/Fire       #.......     28%         3
 Sticky Flame             Conj/Fire      ##......     56%         4
 Fireball                 Conj/Fire      ##........   88%         5


Dungeon Overview and Level Annotations

Branches:
Dungeon (3/15)

Altars:
Kikubaaqudgha

Annotations:
D:1 Ijyb


Innate Abilities, Weirdness & Mutations

Your plain brown scales are hard. (AC +5)
You cannot fit into any form of body armour.
You are cold-blooded and may be slowed by cold attacks.


Message History

* * * LOW HITPOINT WARNING * * *
Ijyb barely misses you. Ijyb closely misses you.
You see here a +0 club.
Ijyb hits you.
* * * LOW HITPOINT WARNING * * *
There is a stone staircase leading up here.
You see here 2 stones.
Ijyb barely misses you.
You climb upwards.
There is a stone staircase leading down here.
Casting: Foxfire (safe; 7% risk of failure)
Confirm with . or Enter, or press ? or * to list all spells.
You conjure some foxfire!
Ijyb hits you but does no damage.
Casting: Foxfire (safe; 7% risk of failure)
Confirm with . or Enter, or press ? or * to list all spells.
Nothing appears to happen.
The foxfire hits Ijyb.
Ijyb completely resists.
Ijyb is severely wounded.
Ijyb hits you.
You die...

####### #############
......# #......#....#
......###......#.##.#
...............#.##.#
...............g@##.#
..(.#####......####.#
###.##.........# #.#
..#.##.........# #.#
..#.##.........# #.#
..#............# #.#
#.####...#######
#.###########
#.#..........#
#...........#
#.#.########.#
##########.##


You could see Ijyb.

Vanquished Creatures
  A gnoll (D:2)
  A giant cockroach (D:1)
  8 goblins
  A hobgoblin (D:2)
  4 jackals (D:3)
  A kobold (D:2)
  2 ball pythons
  3 bats
  A frilled lizard (D:1)
  2 rats (D:2)
24 creatures vanquished.

Vanquished Creatures (others)
  A human (D:2)
  101 foxfires
102 creatures vanquished.

Grand Total: 126 creatures vanquished

Notes
Turn   | Place    | Note
-------+----------+-------------------------------------------
     0 | D:1      | mkm the Draconian Fire Elementalist began the quest for the
                  | Orb.
     0 | D:1      | Reached XP level 1. HP: 14/14 MP: 3/3
   937 | D:2      | Found an ancient bone altar of Kikubaaqudgha.
   943 | D:2      | Noticed a human
   943 | D:2      | Killed a human
   952 | D:2      | Reached XP level 2. HP: 20/20 MP: 3/5
  1168 | D:2      | Noticed Ijyb
  2412 | D:2      | Reached XP level 3. HP: 5/26 MP: 2/6
  2472 | D:2      | HP: 1/26 [Ijyb (2)]
  2486 | D:2      | HP: 1/26 [Ijyb (1)]
  2490 | D:1      | Slain by Ijyb

Illustrated notes

Levels and vault maps discovered:
D:1:      minmay_arrival_open_corners, layout_basic
D:2:      kennysheep_the_goblin_king, layout_basic, roderic_roman_lattice,
          tgw_kikubaaqudgha
D:3:      layout_rooms

Action                   || total
-------------------------++-------
Melee: Unarmed           ||    34
       Tailslap          ||     6
 Cast: Foxfire           ||    75
  Use: Scroll            ||     3
       Potion            ||     3
Armor: Skin              ||    27
Dodge: Dodged            ||    67

Table legend: (Time is in decaauts)
 A = Elapsed time spent in this place.
 B = Non-inter-level travel time spent in this place.
 C = Inter-level travel time spent in this place.
 D = Time resting spent in this place.
 E = Time spent auto-exploring this place.
 F = Levels seen in this place.
 G = Mean time per level.
                   A        B        C        D        E       F      G
               +--------+--------+--------+--------+--------+-----+--------+
         Total |   2493 |   2479 |     14 |    838 |   1118 |   3 |  831.0 |
       Dungeon |   2493 |   2479 |     14 |    838 |   1118 |   3 |  831.0 |
               +--------+--------+--------+--------+--------+-----+--------+

Top non-repeatable levels by time:
     D:1: 1273 daAuts
     D:2: 853 daAuts
     D:3: 366 daAuts
